Map: Acid Plant LE

Players

JonSnow

  • Race: Zerg Zerg
  • Spawn Location: 11:00

Has - Winner!

  • Race: Protoss Protoss
  • Spawn Location: 5:00

Event: WCS Montreal 2018

VOD

Have the link to the VOD?

Description

Time

  • Played on: Sept. 7, 2018, 8:12 p.m.
  • Length: 8:36

All games in this series

Show
View Real Time Build Order
Export as new Build Order

JonSnow Zerg 

Build Orders: Hatch First 

Get SALT Encoding   

  12  0:01  Drone  
  13  0:12  Overlord  
  13  0:17  Drone  
  14  0:30  Drone x2  
  14  0:34  Drone  
  17  0:57  Drone  
  17  0:59  Drone, Hatchery  
  18  1:16  Extractor  
  17  1:18  Spawning Pool  
  17  1:20  Drone  
  17  1:23  Drone  
  18  1:41  Drone x2  
  20  1:56  Overlord  
  20  2:03  Drone  
  21  2:10  Queen x2  
  21  2:11  Zergling x2  
  21  2:15  Drone  
  27  2:20  Metabolic Boost  
  27  2:22  Drone  
  28  2:26  Drone  
  29  2:33  Drone x2  
  31  2:48  Hatchery  
  30  2:54  Queen  
  30  2:58  Drone x2  
  34  3:01  Drone  
  34  3:05  Overlord  
  35  3:06  Drone  
  36  3:20  Overlord  
  36  3:25  Zergling x6  
  36  3:26  Drone x4  
  43  3:28  Drone  
  43  3:32  Overlord  
  44  3:36  Overlord  
  44  3:44  Drone x2  
  46  3:51  Overlord  
  45  3:56  Drone x4  
  45  4:01  Drone  
  45  4:02  Queen  
  50  4:03  Overlord  
  50  4:06  Drone x3  
  50  4:08  Extractor  
  50  4:09  Extractor  
  53  4:14  Roach Warren  
  51  4:22  Zergling x4, Overlord  
  53  4:29  Drone x4  
  56  4:34  Spore Crawler  
  56  4:38  Lair  
  53  4:56  Roach x7  
  67  5:03  Roach  
  67  5:04  Roach  
  67  5:07  Zergling x2, Overlord  
  71  5:08  Zergling x6  
  74  5:14  Roach x2  
  74  5:15  Zergling x2  
  74  5:20  Zergling x4, Roach x2  
  82  5:28  Queen  
  80  5:29  Zergling x4  
  80  5:31  Drone x2  
  80  5:35  Drone  
  85  5:36  Drone  
  85  5:37  Drone  
  85  5:38  Glial Reconstitution  
  87  5:43  Drone  
  87  5:52  Extractor  
  87  5:53  Drone x2  
  87  5:54  Extractor, Drone, Evolution Chamber  
  87  5:57  Drone  
  87  6:00  Drone  
  89  6:04  Overlord  
  89  6:08  Drone x2, Overlord  
  89  6:09  Drone x3  
  89  6:11  Overlord x2  
  94  6:22  Overlord x2  
  94  6:23  Zerg Missile Weapons Level 1  
  94  6:25  Roach  
  96  6:29  Roach  
  98  6:33  Roach x2  
  98  6:37  Roach  
  98  6:38  Roach x2  
  108  6:44  Roach x4  
  108  6:45  Roach  
  118  6:48  Overlord  
  118  6:49  Drone x3  
  118  6:51  Drone  
  122  6:54  Overlord  
  122  6:56  Drone  
  122  7:00  Hydralisk Den  
  121  7:02  Ravager  
  121  7:04  Roach x2  
  129  7:08  Roach  
  129  7:09  Roach x3  
  129  7:11  Evolution Chamber  
  129  7:14  Spine Crawler  
  132  7:18  Roach  
  132  7:19  Roach x3  
  132  7:22  Roach x2  
  129  7:26  Roach x2  
  128  7:32  Roach x3  
  116  7:37  Roach x2  
  116  7:39  Roach  
  116  7:44  Roach x2  
  102  7:47  Roach  
  101  7:52  Roach x2  
  101  7:57  Roach  
  101  7:58  Zergling x12  
  107  8:03  Roach  
  103  8:05  Evolution Chamber  
  103  8:07  Roach  
  103  8:11  Roach  
  106  8:14  Roach  
Show
View Real Time Build Order
Export as new Build Order

Has Protoss - Winner!

Build Orders: 1 Gate Expand 

Get SALT Encoding   

  12  0:00  Probe  
  13  0:12  Probe  
  14  0:20  Pylon  
  14  0:24  Probe  
  15  0:34  Probe  
  15  0:38  Gateway  
  15  0:42  Probe  
  17  0:52  Probe  
  17  0:55  Assimilator  
  18  1:00  Probe  
  18  1:09  Probe  
  20  1:26  Pylon  
  20  1:31  Nexus  
  20  1:42  Cybernetics Core  
  20  1:46  Probe  
  21  1:49  Assimilator  
  21  1:53  Pylon  
  21  1:58  Probe  
  22  2:09  Stalker  
  22  2:10  Probe  
  23  2:19  Warp Gate  
  23  2:22  Probe  
  26  2:28  Twilight Council  
  26  2:34  Probe  
  27  2:40  Probe  
  27  2:41  Adept  
  30  2:46  Probe  
  31  2:51  Probe  
  31  2:52  Robotics Facility  
  31  2:58  Probe  
  31  3:03  Probe  
  33  3:08  Adept  
  33  3:11  Charge  
  35  3:15  Gateway  
  35  3:16  Probe  
  36  3:24  Probe  
  37  3:28  Probe  
  38  3:37  Observer  
  38  3:40  Probe  
  39  3:42  Gateway  
  39  3:43  Gateway  
  39  3:45  Probe  
  41  3:49  Pylon  
  41  3:54  Probe  
  40  3:57  Probe  
  40  3:59  Warp Prism  
  43  4:06  Probe  
  44  4:11  Pylon, Probe  
  45  4:19  Probe  
  45  4:23  Probe  
  47  4:25  Zealot x2  
  47  4:31  Probe  
  52  4:33  Immortal  
  52  4:35  Probe  
  53  4:40  Pylon, Zealot  
  53  4:41  Zealot  
  59  4:49  Forge  
  59  5:02  Zealot x4  
  67  5:21  Pylon  
  67  5:23  Immortal, Protoss Ground Weapons Level 1  
  65  5:34  Nexus  
  64  5:37  Pylon, Sentry x3  
  69  5:51  Probe  
  70  5:57  Immortal, Gateway  
  70  5:58  Gateway  
  70  6:00  Gateway  
  70  6:03  Probe  
  76  6:07  Gateway  
  76  6:08  Gateway  
  75  6:20  Sentry  
  75  6:21  Zealot x3  
  75  6:23  Probe  
  84  6:27  Pylon  
  84  6:32  Pylon  
  84  6:42  Stalker  
  84  6:45  Pylon  
  86  6:47  Stalker x2  
  86  6:48  Stalker  
  92  6:55  Pylon  
  92  6:56  Zealot  
  92  6:57  Zealot  
  96  7:05  Zealot  
  96  7:07  Zealot x3  
  104  7:11  Zealot  
  100  7:21  Sentry x2  
  100  7:22  Zealot x2  
  106  7:26  Zealot  
  106  7:34  Zealot x4  
  96  7:48  Zealot x3  
  99  8:00  Zealot x2  
  99  8:01  Zealot x2  
  105  8:16  Sentry x2  
  105  8:17  Sentry, Zealot x2  
  103  8:29  Zealot x3  
Tags
 
Add a new tag
Caveats
  • Supply blocks, unpowered buildings, or Contaminate may cause inaccurate times.
  • Supply counts are checked every 10 seconds.